 Dungeon Crawl Stone Soup version 0.29.1-2-gbd0b4ee654 (webtiles) character file.

Game seed: 7722989307773432607

163 RascalDebosk the Magician (level 5, -2/35 HPs)
             Began as a Djinni Air Elementalist on Oct 29, 2022.
             Slain by Pargi (7 damage)
             ... on level 3 of the Dungeon.
             The game lasted 00:15:49 (3120 turns).

RascalDebosk the Magician (Djinni Air Elementalist) Turns: 3120, Time: 00:15:49

Health: -2/35      AC:  2    Str:  7    XL:     5   Next: 72%
Gold:   119        EV: 12    Int: 19    God:
                   SH:  0    Dex: 13

rFire   + + .      SeeInvis .   s - +1 dagger (venom)
rCold   x . .      Faith    .   (no shield)
rNeg    . . .      Spirit   .   d - +0 robe
rPois   ∞          Reflect  .   (no helmet)
rElec   .          Harm     .   (no cloak)
rCorr   .          Rampage  .   (no gloves)
Will    .....                   (boots unavailable)
Stlth   ++........              (no amulet)
HPRegen 0.11/turn               (no ring)
MPRegen 0.00/turn               (no ring)

@: sluggish, flying, very slow
A: sickness immunity, fire resistance 2, cold vulnerability 1, float, innate
caster, HP casting, extra vitality 1
a: no special abilities


You were on level 3 of the Dungeon.
You visited 1 branch of the dungeon, and saw 3 of its levels.

You collected 119 gold pieces.

Inventory:

Hand Weapons
 s - a +1 dagger of venom (weapon)
Missiles
 o - a throwing net {@!f}
Armour
 d - a +0 robe (worn)
Scrolls
 c - 3 scrolls of acquirement {unknown}
 e - 3 scrolls of identify {unknown}
 f - a scroll of enchant weapon {unknown}
 g - 2 scrolls of enchant armour {unknown}
 j - 2 scrolls of teleportation {unknown}
 q - a scroll of poison {unknown}
Potions
 a - a potion of resistance {unknown}
 b - 3 potions of heal wounds {unknown}
 h - a potion of ambrosia {unknown}
 i - 4 potions of curing
 k - a potion of berserk rage {unknown}
 l - a potion of lignification {unknown}
 m - a potion of brilliance {unknown}
 n - a potion of mutation {unknown}
 p - a potion of invisibility {unknown}


   Skills:
 - Level 2.1 Dodging
 - Level 1.5 Stealth
 * Level 4.6 Spellcasting


You couldn't memorise any spells.
You knew the following spells:

 Your Spells              Type           Power      Damage    Failure   Level
a - Shock                 Conj/Air       88%        1d8       1%          1
b - Static Discharge      Conj/Air       22%        3-6/arc   3%          2
c - Swiftness             Air            22%        N/A       6%          3
d - Airstrike             Air            11%        2d(2-18)  19%         4
e - Foxfire               Conj/Fire      88%        2x1d8     1%          1
f - Blink                 Tloc           44%        N/A       3%          2
Your spell library was empty.

Dungeon Overview and Level Annotations

Branches:
Dungeon (3/15)

Altars:
Yredelemnul

Annotations:
D:3 Pargi


Innate Abilities, Weirdness & Mutations

You are immune to sickness and miasma.
You are immune to poison.
Your flesh is very heat resistant. (rF++)
You are vulnerable to cold. (rC-)
You float through the air rather than walking.
You learn spells naturally, not from books.
Your magical power is your life essence.
You have superior vitality. (+4 MHP)


Message History

The rat is struck by an arc of lightning.
You kill the rat!
You are struck by an arc of lightning.
* * * LOW HITPOINT WARNING * * *
The lightning grounds out.
* * * LOW HITPOINT WARNING * * *
The gnoll barely misses you.
Aiming: Shock (safe; 1% risk of failure)
Press: ? - help, Q - select action, (/) - cycle Shift-Dir - straight line, f - gnoll
Aim: a gnoll, wielding a +0 club (almost dead, 77% to hit)
The zap hits the gnoll.
You kill the gnoll!
* * * LOW HITPOINT WARNING * * *
Things that are here:
a +0 club; a gnoll corpse
p - a yellow potion
Found 7 gold pieces.
q - a scroll labelled XICO YSUTUPH You now have 108 gold pieces (gained 7).
You hear the rusting of a drain nearby.
You hear the rusting of a drain nearby.
You hear the brisk rusting of a drain nearby.
You hear the brisk rusting of a drain nearby.
You hear the brisk rusting of a drain nearby.
You now have 119 gold pieces (gained 11).
Pargi the Meek comes into view.
You hear the quick rusting of a drain nearby.
Found a basalt altar of Yredelemnul.
A dart slug comes into view.
Found a stone staircase leading up.
Pargi shouts!
Casting: Shock (safe; 1% risk of failure)
Confirm with . or Enter, or press ? or * to list all spells.
The spell is extremely dangerous to miscast (19% risk of failure)!
Continue anyway?
Aiming: Airstrike (extremely dangerous; 19% risk of failure)
Press: ? - help, Dir - move target, f - Pargi
Aim: Pargi (empty space bonus: 8/8)
The air twists around and strikes Pargi!
Pargi is moderately wounded.
Casting: Airstrike (extremely dangerous; 19% risk of failure)
Confirm with . or Enter, or press ? or * to list all spells.
The spell is extremely dangerous to miscast (19% risk of failure)!
Continue anyway?
Aiming: Airstrike (extremely dangerous; 19% risk of failure)
Press: ? - help, Dir - move target, f/p - Pargi
Aim: Pargi (moderately wounded, empty space bonus: 7/8)
You miscast Airstrike.
You are very lightly contaminated with residual magic.
Nothing appears to happen.
Casting: Airstrike (extremely dangerous; 19% risk of failure)
Confirm with . or Enter, or press ? or * to list all spells.
The spell is extremely dangerous to miscast (19% risk of failure)!
Continue anyway?
Aiming: Airstrike (extremely dangerous; 19% risk of failure)
Press: ? - help, Dir - move target, f/p - Pargi
Aim: Pargi (lightly wounded, empty space bonus: 7/8)
The air twists around and strikes Pargi!
Pargi is heavily wounded.
Casting: Airstrike (extremely dangerous; 19% risk of failure)
Confirm with . or Enter, or press ? or * to list all spells.
Pargi is struck by an arc of lightning!
Pargi is severely wounded.
You are struck by an arc of lightning.
* * * LOW HITPOINT WARNING * * *
Pargi is struck by an arc of lightning.
Pargi is severely wounded.
The lightning grounds out.
* * * LOW HITPOINT WARNING * * *
Pargi bites you but does no damage. Pargi claws you.
* * * LOW HITPOINT WARNING * * *
Pargi claws you.
* * * LOW HITPOINT WARNING * * *
Casting: Static Discharge (safe; 3% risk of failure)
Confirm with . or Enter, or press ? or * to list all spells.
Pargi is struck by an arc of lightning.
Pargi is severely wounded.
You are struck by an arc of lightning.
* * * LOW HITPOINT WARNING * * *
The lightning grounds out.
* * * LOW HITPOINT WARNING * * *
Pargi bites you but does no damage. Pargi misses you. Pargi claws you.
* * * LOW HITPOINT WARNING * * *
Casting: Static Discharge (safe; 3% risk of failure)
Confirm with . or Enter, or press ? or * to list all spells.
You blink.
* * * LOW HITPOINT WARNING * * *
Casting: Blink (safe; 3% risk of failure)
Confirm with . or Enter, or press ? or * to list all spells.
You feel quick.
* * * LOW HITPOINT WARNING * * *
Your magical contamination has completely faded away.
You feel stable enough to blink again.
You start to feel a little slower.
You see here a frilled lizard skeleton.
Items here: )) [ ÷.
You feel sluggish.
Found a stone staircase leading down.
You start to feel a little faster.
You hear the quick rusting of a very distant drain.
Pargi looks around nervously.
Pargi attacks as you move away! Pargi bites you!
You die...

.# ##.##.# ##..#.#
##.## #.## ##.###.##
#..#.# ###
##.###..###..# ##.#.#
#.........##.# #.#.#
.)..###÷#.##.# #.#.#
))).#.....##.#### ....#
.)............... ..#
.÷..).....#..######>..#
....)..#.......T@....#
....#)##..#.########.#
....#.##..#.#
#.#.#.##.....
#.#.......#.##
#.........#.#
........###.# ####.#..
#.#


You could see Pargi.

Vanquished Creatures
  Natasha (twice) (D:2)
  Robin (D:2)
  3 gnolls (D:3)
  2 worms (D:2)
  A dart slug (D:1)
  5 orcs (D:3)
  4 bats
  3 endoplasms
  A giant cockroach (D:1)
  11 goblins
  8 hobgoblins
  3 quokkas
  4 ball pythons
  3 frilled lizards
  5 kobolds
  5 rats
61 creatures vanquished.

Vanquished Creatures (others)
  17 foxfires (D:2)
17 creatures vanquished.

Grand Total: 78 creatures vanquished

Notes
Turn   | Place    | Note
-------+----------+-------------------------------------------
     0 | D:1      | RascalDebosk the Djinni Air Elementalist began the quest
                  | for the Orb.
     0 | D:1      | RascalDebosk set off with the following spells memorised:
                  | Shock, Static Discharge, Swiftness, Airstrike.
     0 | D:1      | Reached XP level 1. HP: 15/15 MP: 0/0
   336 | D:1      | Reached XP level 2. HP: 19/21 MP: 0/0
   404 | D:1      | Reached skill level 3 in Spellcasting
   561 | D:1      | Found a faded altar of an unknown god.
   913 | D:2      | Noticed Robin
  1178 | D:2      | Reached XP level 3. HP: 20/25 MP: 0/0
  1178 | D:2      | Learned a level 1 spell: Foxfire
  1183 | D:2      | Killed Robin
  1720 | D:2      | Reached XP level 4. HP: 27/31 MP: 0/0
  1898 | D:2      | Noticed Natasha
  1904 | D:2      | Killed Natasha
  1975 | D:2      | Reached skill level 4 in Spellcasting
  2373 | D:2      | Noticed Natasha
  2379 | D:2      | Killed Natasha
  2380 | D:2      | Reached XP level 5. HP: 26/35 MP: 0/0
  2380 | D:2      | Learned a level 2 spell: Blink
  3064 | D:3      | Noticed Pargi
  3068 | D:3      | Found a basalt altar of Yredelemnul.
  3120 | D:3      | Slain by Pargi

Illustrated notes

Levels and vault maps discovered:
D:1:      dpeg_arrival_snail, layout_rooms, hellmonk_ecumenical_altar_run_dry
D:2:      layout_basic, uniq_robin, uniq_natasha
D:3:      layout_loops_ring, nicolae_overflow_crystal_walls,
          gup_sewer_entry_bubbles, uniq_pargi

Skill      XL: |  1  2  3  4 |
---------------+-------------+-----
Spellcasting   | 3 4 |  4.6
Dodging        | |  2.1
Stealth        | |  1.5

Action                   |  1- 3 |  4- 6 || total
-------------------------+-------+-------++-------
 Cast: Shock             |    49 |    37 ||    86
       Static Discharge  |     6 |     6 ||    12
       Foxfire           |     2 |    10 ||    12
       Airstrike         |       |     2 ||     2
       Blink             |       |     1 ||     1
       Swiftness         |       |     1 ||     1
Armor: Robe              |     2 |     5 ||     7
Dodge: Dodged            |    14 |     6 ||    20
